 Dungeon Crawl Stone Soup version 0.16-a0-3467-gfe061fe (webtiles) character file.

550 NewYearsCrawler the Chopper (level 7, -5/52 HPs)
             Began as a Formicid Fighter on Jan 2, 2015.
             Killed by nerve-wracking pain
             ... invoked by an orc priest
              (12 damage)
             ... on level 4 of the Dungeon.
             The game lasted 00:03:47 (2996 turns).

NewYearsCrawler the Chopper (Formicid Fighter)      Turns: 2996, Time: 00:03:47

Health: -5/52      AC: 11    Str: 28    XL:     7   Next: 54%
Magic:  0/9        EV:  8    Int:  7    God:
Gold:   164        SH: 10    Dex: 10    Spells: 0 memorised, 6 levels left

rFire  . . .     SeeInvis +     a - +0 war axe
rCold  . . .     Clarity  .     b - +0 scale mail
rNeg   . . .     SustAb   .     c - +0 shield
rPois  .         Gourm    .     (helmet unavailable)
rElec  .         Spirit   +     (no cloak)
rCorr  .         Warding  .     s - +0 pair of gloves
rMut   .         Stasis   +     (no boots)
MR     .....                    p - amulet of guardian spirit
Stlth  ..........               m - +3 ring of protection
                                (no ring)

@: mighty, not resistant to hostile enchantments, extremely unstealthy
A: permanent stasis, dig shafts and tunnels, four strong arms, antennae 3
a: Dig, Shaft Self


You were on level 4 of the Dungeon.
You were hungry.

You visited 1 branch of the dungeon, and saw 4 of its levels.

You collected 164 gold pieces.

Inventory:

Hand weapons
 a - a +0 war axe (weapon)
Missiles
 r - 7 tomahawks (quivered)
Armour
 b - a +0 scale mail (worn)
 c - a +0 shield (worn)
 s - a +0 pair of gloves (worn)
Jewellery
 j - an uncursed ring of flight
 m - a +3 ring of protection (right hand)
 p - an amulet of guardian spirit (around neck)
 w - an uncursed ring of ice
Magical devices
 g - a wand of slowing (24)
 n - a wand of flame (21)
 t - a wand of confusion (0)
Scrolls
 f - 4 scrolls of identify {unknown}
 h - a scroll of teleportation {unknown}
 i - a scroll of blinking {unknown}
 k - 2 scrolls of enchant armour {unknown}
 o - a scroll of amnesia {unknown}
 q - 3 scrolls of fear
 u - a scroll of remove curse {unknown}
Potions
 e - 2 potions of might
Comestibles
 d - 3 bread rations
 l - 3 meat rations
 v - 3 fruits


   Skills:
 - Level 3.2 Fighting
 + Level 7.0 Axes
 - Level 3.2 Armour
 + Level 5.4 Shields


You had 6 spell levels left.
You didn't know any spells.

Dungeon Overview and Level Annotations

Branches:
Dungeon (4/15)
 Temple: D:4-7

Altars:
Elyvilon


Innate Abilities, Weirdness & Mutations

You are under a permanent stasis effect.
You can dig through walls and to a lower floor.
Your four strong arms can wield two-handed weapons with a shield.
You have a pair of large antennae on your head (SInv).


Message History

Unknown command.
You slash the orc warrior!
You kill the orc warrior!
Your Axes skill increases to level 7!
You slash the orc priest!
The orc priest is almost dead.
You block the orc priest's attack.
Unknown command.
The orc priest hits you but does no damage.
Things that are here:
a dire flail; a chain mail; 22 arrows The orc priest hits you but does no damage.
The orc priest's eyes start to glow.
You see here a scroll labeled PHUFED LOGA.
The orc priest hits you but does no damage.
You closely miss the orc priest.
The orc priest is almost dead.
The orc priest invokes the aid of Beogh against you.
Pain shoots through your body!
You die...

###...................
......
#...#.................
......
.####..................
..... #
#..)................
....
##...................
...
##.................. ..
#..........)....... .
#..##....o..........
#..####..)@?....# #..#
####.......... #..#
#......... ...#
##....<... ....#
##....... ..### #.....
## #... ..


You could see an orc priest.

Vanquished Creatures
  An orc warrior (D:4)
  A phantom (D:4)
  A hound (D:3)
  An orc wizard (D:4)
  Natasha (thrice) (D:3)
  2 worker ants (D:4)
  Jessica (D:3)
  Robin (D:3)
  A hound skeleton (D:4)
  6 adders
  A giant mite (D:2)
  A shadow imp (D:3)
  A worm (D:4)
  An adder skeleton (D:4)
  An ooze (D:2)
  9 orcs
  7 bats
  A bat skeleton (D:4)
  6 giant cockroaches
  15 goblins
  8 hobgoblins
  3 quokkas
  4 giant geckos
  2 giant newts
  6 jackals
  13 kobolds
  9 rats
  A plant (D:1)
107 creatures vanquished.

Notes
Turn   | Place    | Note
--------------------------------------------------------------
     0 | D:1      | NewYearsCrawler, the Formicid Fighter, began the quest for the Orb.
     0 | D:1      | Reached XP level 1. HP: 18/18 MP: 1/1
   119 | D:1      | Reached XP level 2. HP: 24/24 MP: 3/3
   726 | D:1      | Reached XP level 3. HP: 20/29 MP: 4/4
  1159 | D:2      | Reached skill level 4 in Axes
  1159 | D:2      | Reached XP level 4. HP: 33/35 MP: 0/5
  1833 | D:3      | Reached XP level 5. HP: 41/41 MP: 7/7
  1961 | D:3      | Noticed Jessica
  1971 | D:3      | Killed Jessica
  1971 | D:3      | Reached skill level 5 in Axes
  2039 | D:3      | Found a white marble altar of Elyvilon.
  2042 | D:3      | Noticed Natasha
  2090 | D:3      | Killed Natasha
  2090 | D:3      | Reached XP level 6. HP: 25/47 MP: 3/8
  2194 | D:3      | Noticed Natasha
  2202 | D:3      | Killed Natasha
  2258 | D:3      | Noticed Robin
  2265 | D:3      | Killed Robin
  2389 | D:3      | Noticed Natasha
  2398 | D:3      | Killed Natasha
  2556 | D:4      | Reached skill level 6 in Axes
  2591 | D:4      | Reached XP level 7. HP: 19/52 MP: 6/9
  2894 | D:4      | Reached skill level 5 in Shields
  2970 | D:4      | Noticed an orc warrior
  2991 | D:4      | Killed an orc warrior
  2991 | D:4      | Reached skill level 7 in Axes
  2996 | D:4      | Killed from afar by an orc priest

Action                   |  1- 3 |  4- 6 |  7- 9 || total
-------------------------+-------+-------+-------++-------
Melee: War axe           |   146 |   184 |    55 ||   385
  Use: Potion            |       |     6 |     2 ||     8
       Scroll            |       |     1 |       ||     1
  Eat: Chunk             |     1 |     5 |     1 ||     7
